 Dungeon Crawl Stone Soup version 0.31-a0-204-g7da18cac08 (webtiles) character file.

Game seed: 6856023686443731995

185 brknglss the Cutter (level 5, 0/38 HPs)
             Began as a Gnoll Wanderer on June 24, 2023.
             Killed from afar by Robin (7 damage)
             ... with a puff of flame
             ... on level 3 of the Dungeon on June 27, 2023.
             The game lasted 00:07:24 (2613 turns).

brknglss the Cutter (Gnoll Wanderer)                Turns: 2613, Time: 00:07:25

Health: 0/38       AC:  7    Str:  8    XL:     5   Next: 64%
Magic:  9/9        EV: 11    Int: 14    God:
Gold:   149        SH:  0    Dex: 14    Spells: 10/10 levels left

rFire   . . .        q - +3 club (spect)
rCold   . . .        (no shield)
rNeg    . . .        r - +3 leather armour {Will+}
rPois   .            (no helmet)
rElec   .            (no cloak)
rCorr   .            n - +0 pair of gloves
SInv    .            (no boots)
Will    +....        (no amulet)
Stlth   ++           (no ring)
HPRegen 0.26/turn    (no ring)
MPRegen 0.11/turn

%: no passive effects
@: no status effects
A: fangs 1, strong nose, distributed training
a: no special abilities


You were on level 3 of the Dungeon.
You visited 1 branch of the dungeon, and saw 3 of its levels.

You collected 149 gold pieces.

Inventory:

Hand Weapons
 a - a +2 short sword
 o - a +0 whip of electrocution
 q - a +3 spectral club (weapon)
Missiles
 j - 2 poisoned darts
 k - 3 atropa-tipped darts (quivered)
Armour
 n - a +0 pair of gloves (worn)
 r - a +3 leather armour of willpower (worn)
Jewellery
 h - a ring of fire
Wands
 p - a wand of flame (15)
 u - a wand of light (6)
Scrolls
 b - a scroll of vulnerability {unknown}
 d - 3 scrolls of fear
 e - a scroll of amnesia {unknown}
 f - 2 scrolls of poison {unknown}
 g - a scroll of fog {unknown}
 m - a scroll of teleportation {unknown}
 t - a scroll of immolation {unknown}
Potions
 c - a potion of might {unknown}
 i - a potion of berserk rage {unknown}
 l - a potion of ambrosia {unknown}
 s - a potion of enlightenment {unknown}


   Skills:
 + Level 1.6 Fighting
 + Level 6.7 Short Blades
 + Level 1.6 Long Blades
 + Level 1.6 Axes
 + Level 1.6 Maces & Flails
 + Level 1.6 Polearms
 + Level 3.1 Staves
 + Level 1.6 Ranged Weapons
 + Level 3.1 Throwing
 + Level 3.1 Armour
 + Level 1.6 Dodging
 + Level 1.6 Stealth
 + Level 1.6 Shields
 + Level 1.6 Unarmed Combat
 + Level 3.2 Spellcasting
 + Level 1.3 Conjurations
 + Level 1.3 Hexes
 + Level 1.3 Summonings
 + Level 1.3 Necromancy
 + Level 1.3 Translocations
 + Level 1.3 Transmutations
 + Level 1.3 Fire Magic
 + Level 1.3 Ice Magic
 + Level 1.3 Air Magic
 + Level 1.3 Earth Magic
 + Level 1.3 Poison Magic
 + Level 3.2 Invocations
 + Level 4.8 Evocations


You had 10 spell levels left.
You didn't know any spells.
Your spell library contained the following spells:

 Spells                   Type           Power      Damage    Failure   Level
 Call Canine Familiar     Summ           6%         N/A       45%         3
 Portal Projectile        Hex/Tloc       12%        N/A       45%         3
 Leda's Liquefaction      Hex/Erth       3%         N/A       86%         4


Dungeon Overview and Level Annotations

Branches:
Dungeon (3/15)

Altars:

Annotations:
D:3 Robin


Innate Abilities, Weirdness & Mutations

You have very sharp teeth.
Your uncanny sense of smell can sniff out nearby items.
Your experience applies equally to all skills.


Message History

The goblin no longer looks unusually strong. x2
Robin hits you with a +0 spear. The goblin hits you with a +0 club.
You hit Robin. Your bite misses Robin.
Robin is moderately wounded.
Robin zaps a wand.
The puff of flame hits you. The goblin hits you with a +0 club.
You hit the goblin.
The goblin is heavily wounded.
The hobgoblin no longer looks unusually strong.
Robin hits you with a +0 spear. The goblin hits you but does no damage.
The goblin hits you with a +0 club.
Robin roars a battlecry!
The goblins go into a battle-frenzy!
You barely miss the goblin. You bite the goblin, but do no damage.
The goblin is heavily wounded.
Robin zaps a wand.
The puff of flame hits you!
* * * LOW HITPOINT WARNING * * *
The goblin closely misses you.
You hit the goblin.
You kill the goblin!
The goblin no longer looks unusually strong. x2
Robin hits you but does no damage.
Robin hits you from afar with a +0 spear.
* * * LOW HITPOINT WARNING * * *
Things that are here:
a +0 club; an atropa-tipped dart; a goblin corpse Robin says, "A pitiful Gnoll like you will never find the ORB!"
Robin throws the goblin at you! The goblin closely misses you.
Things that are here:
a +0 club; an atropa-tipped dart You closely miss the goblin.
Your +3 spectral club misses the goblin.
The goblin hits you with a +0 club.
* * * LOW HITPOINT WARNING * * *
You hit the goblin.
You kill the goblin!
Your +3 spectral club disappears.
Robin hits you but does no damage.
Robin zaps a wand.
The puff of flame hits you!
You die... .......... ### ........# ....... #.#..# .# .gg.. ###.#..##.# ...## .# ggK

#......##.# ..... ..###S#
#......##.# ... ..##g#
#......##.. ... ...#)#
#.......... #.#
∆##..#@######......#...
#.#∆##††##)............'...
#######.###†..##.......####.##...
............................##...
........######.#........######...
........# #...........# ##.#
........# ####........# #.#
........# #........# #.#
..###+### #........# #.#


You could see Robin, an adder, a hobgoblin (strong), 3 goblins and a kobold.

Vanquished Creatures
  A hound (D:3)
  Jessica (D:2)
  Ijyb (D:3)
  3 adders
  A worm (D:2)
  A dart slug (D:2)
  6 ball pythons
  5 bats
  6 endoplasms
  4 giant cockroaches
  9 goblins
  6 hobgoblins
  2 jackals (D:2)
  8 quokkas
  2 frilled lizards
  7 kobolds
  8 rats
71 creatures vanquished.

Notes
Turn   | Place    | Note
-------+----------+-------------------------------------------
     0 | D:1      | brknglss the Gnoll Wanderer began the quest for the Orb.
     0 | D:1      | brknglss set off with the following items: a +2 short
                  | sword, a +0 quarterstaff, a wand of polymorph (7), a scroll
                  | of fear, a +0 robe.
     0 | D:1      | Reached XP level 1. HP: 13/13 MP: 4/4
   110 | D:1      | Reached XP level 2. HP: 17/19 MP: 5/5
   608 | D:1      | Reached XP level 3. HP: 19/25 MP: 7/7
   865 | D:2      | Upgraded the game from 0.31-a0-196-g86fe4a5e66 to
                  | 0.31-a0-204-g7da18cac08
   911 | D:2      | Noticed Jessica
   920 | D:2      | Killed Jessica
   921 | D:2      | Reached skill level 1 in Fighting
   921 | D:2      | Reached skill level 1 in Long Blades
   921 | D:2      | Reached skill level 1 in Axes
   921 | D:2      | Reached skill level 1 in Maces & Flails
   921 | D:2      | Reached skill level 1 in Polearms
   921 | D:2      | Reached skill level 1 in Ranged Weapons
   921 | D:2      | Reached skill level 1 in Dodging
   921 | D:2      | Reached skill level 1 in Stealth
   921 | D:2      | Reached skill level 1 in Shields
   921 | D:2      | Reached skill level 1 in Unarmed Combat
  1038 | D:2      | Reached XP level 4. HP: 29/32 MP: 8/8
  1333 | D:2      | Found a faded altar of an unknown god.
  1695 | D:2      | Reached skill level 1 in Conjurations
  1695 | D:2      | Reached skill level 1 in Hexes
  1695 | D:2      | Reached skill level 1 in Summonings
  1695 | D:2      | Reached skill level 1 in Necromancy
  1695 | D:2      | Reached skill level 1 in Translocations
  1695 | D:2      | Reached skill level 1 in Transmutations
  1695 | D:2      | Reached skill level 1 in Fire Magic
  1695 | D:2      | Reached skill level 1 in Ice Magic
  1695 | D:2      | Reached skill level 1 in Air Magic
  1695 | D:2      | Reached skill level 1 in Earth Magic
  1695 | D:2      | Reached skill level 1 in Poison Magic
  2001 | D:3      | Reached XP level 5. HP: 30/37 MP: 9/9
  2084 | D:3      | Noticed Ijyb
  2091 | D:3      | Killed Ijyb
  2591 | D:3      | Noticed Robin
  2613 | D:3      | Killed from afar by Robin

Illustrated notes

Levels and vault maps discovered:
D:1:      ebering_hopf_link, layout_basic, kennysheep_another_room,
          dk_noncrumbling_4
D:2:      minmay_razor_zed, layout_loops_cross,
          shapermc_ecumenical_altar_totnotflames, serial_bayou_ford_a,
          uniq_jessica
D:3:      layout_basic, minmay_cupped, uniq_ijyb, uniq_robin

Skill      XL: |  1  2  3  4  5 |
---------------+----------------+-----
Fighting       | 1 |  1.6
Long Blades    | 1 |  1.6
Axes           | 1 |  1.6
Maces & Flails | 1 |  1.6
Polearms       | 1 |  1.6
Ranged Weapons | 1 |  1.6
Dodging        | 1 |  1.6
Stealth        | 1 |  1.6
Shields        | 1 |  1.6
Unarmed Combat | 1 |  1.6
Spellcasting   | 3 |  3.2
Conjurations   | 1 |  1.3
Hexes          | 1 |  1.3
Summonings     | 1 |  1.3
Necromancy     | 1 |  1.3
Translocations | 1 |  1.3
Transmutations | 1 |  1.3
Fire Magic     | 1 |  1.3
Ice Magic      | 1 |  1.3
Air Magic      | 1 |  1.3
Earth Magic    | 1 |  1.3
Poison Magic   | 1 |  1.3
Invocations    | 3 |  3.2
Staves         | 3 |  3.1
Throwing       | 3 |  3.1
Armour         | 3 |  3.1
Short Blades   | |  6.7
Evocations     | |  4.8

Action                     |  1- 3 |  4- 6 || total
---------------------------+-------+-------++-------
  Melee: Short sword       |    83 |    87 ||   170
         Bite              |     8 |    16 ||    24
         Punch             |     1 |     1 ||     2
         Club              |       |    31 ||    31
         Whip              |       |    24 ||    24
  Throw: Dart              |       |     3 ||     3
  Evoke: Wand              |       |     1 ||     1
   Stab: Sleeping          |       |     2 ||     2
         Invisible         |       |     1 ||     1
 Armour: Robe              |     9 |       ||     9
         Leather armour    |     5 |    44 ||    49
  Dodge: Dodged            |    44 |    78 ||   122

Table legend: (Time is in decaauts)
 A = Elapsed time spent in this place.
 B = Non-inter-level travel time spent in this place.
 C = Inter-level travel time spent in this place.
 D = Time resting spent in this place.
 E = Time spent auto-exploring this place.
 F = Levels seen in this place.
 G = Mean time per level.
                   A        B        C        D        E       F      G
               +--------+--------+--------+--------+--------+-----+--------+
         Total |   2575 |   2506 |     69 |    145 |   1805 |   3 |  858.3 |
       Dungeon |   2575 |   2506 |     69 |    145 |   1805 |   3 |  858.3 |
               +--------+--------+--------+--------+--------+-----+--------+

Top non-repeatable levels by time:
     D:2: 989 daAuts
     D:1: 842 daAuts
     D:3: 743 daAuts
